 Dungeon Crawl Stone Soup version 0.27-a0-594-g2aaa8dbbc2 (webtiles) character file.

Game seed: 4647452875989379948

4 Gaff the Stinger (level 1, 0/13 HPs)
             Began as a Demonspawn Venom Mage on Mar 11, 2021.
             Hit by a stone thrown by a kobold (2 damage)
             ... on level 1 of the Dungeon.
             The game lasted 00:01:01 (121 turns).

Gaff the Stinger (Demonspawn Venom Mage)             Turns: 121, Time: 00:01:01

Health: 0/13       AC:  2    Str:  8    XL:     1   Next: 58%
Magic:  2/3        EV: 12    Int: 16    God:
Gold:   0          SH:  0    Dex: 13    Spells: 3/4 levels left

rFire    . . .     SeeInvis .   c - +0 dagger
rCold    . . .     Faith    .   (no shield)
rNeg     . . .     Spirit   .   a - +0 robe
rPois    .         Reflect  .   (no helmet)
rElec    .         Harm     .   (no cloak)
rCorr    .         Rampage  .   (no gloves)
Will     .....                  (no boots)
Stlth    ++........             d - amulet of regeneration
HPRegen  0.04/turn              (no ring)
MPRegen  0.08/turn              (no ring)

@: no status effects
A: no striking features
a: no special abilities


You were on level 1 of the Dungeon.
You visited 1 branch of the dungeon, and saw 1 of its levels.

Inventory:

Hand Weapons
 c - a +0 dagger (weapon)
Armour
 a - a +0 robe (worn)
Jewellery
 d - an amulet of regeneration (around neck)
Scrolls
 b - a scroll of enchant weapon {unknown}


   Skills:
 + Level 1.8 Dodging
 + Level 1.7 Stealth
 + Level 2.1 Spellcasting
 + Level 0.8 Transmutations
 + Level 3.1 Poison Magic


You had 3 spell levels left.
You knew the following spells:

 Your Spells              Type           Power      Damage    Failure   Level
a - Sting                 Tmut/Pois      32%        1d4       9%          1

Your spell library contained the following spells:

 Spells                   Type           Power      Damage    Failure   Level
 Poisonous Vapours        Pois/Air       12%        N/A       16%         2
 Ignite Poison            Fire/Tmut/Pois 6%         N/A       34%         3
 Mephitic Cloud           Conj/Pois/Air  5%         N/A       38%         3
 Olgreb's Toxic Radiance  Pois           11%        N/A       50%         4


Dungeon Overview and Level Annotations

Branches:
Dungeon (1/15)

Altars:


Message History

Aim: a kobold, wielding a +0 club (40% to evade)
The sting misses the kobold.
The kobold hits you with a +0 club.
You start putting on your amulet.
You continue putting on your amulet of regeneration.
The kobold hits you with a +0 club.
Keep equipping yourself? [Y]es or [N]o only, please.
Keep equipping yourself? [Y]es or [N]o only, please.
Keep equipping yourself?
* * * LOW HITPOINT WARNING * * *
You continue putting on your amulet of regeneration.
The hobgoblin barely misses you. The kobold barely misses you.
You continue putting on your amulet of regeneration.
The hobgoblin barely misses you. The kobold hits you with a +0 club.
* * * LOW HITPOINT WARNING * * *
You continue putting on your amulet of regeneration.
The hobgoblin barely misses you. The kobold hits you with a +0 club.
* * * LOW HITPOINT WARNING * * *
You continue putting on your amulet of regeneration.
The hobgoblin barely misses you. The kobold hits you with a +0 club.
* * * LOW HITPOINT WARNING * * *
You finish putting on your amulet of regeneration.
The amulet cannot attune itself to your injured body.
d - an amulet of regeneration (around neck)
You see here a bat corpse.
A rat comes into view.
A goblin comes into view. It is wielding a +0 club.
The goblin shouts!
Found 21 bolts.
The hobgoblin barely misses you.
Aiming: Sting (safe; 9% risk of failure)
Press: ? - help, Q - select action Shift-Dir - straight line, f - hobgoblin
Aim: a hobgoblin, wielding a +0 club (32% to evade)
The sting misses the hobgoblin.
A kobold comes into view.
The kobold shouts!
The kobold throws a stone.
The stone hits you.
You die...

...(... ..g.... ### # ....K.. ..#
.### ....# #.###...# ...#
#............. #.###.............
#......# #...# #.. #@#.#r.# #...#
#.. #g#.#..###...###..
#K#.#.............
#.#g#rK...........
####g#.K.†......†....
##..#.#g#..###.†.###.. #########
#....r#....# #...# #..
##...8...###..........###...###..
#..8...8..##...#....†............


You could see a hobgoblin, a goblin, 2 kobolds and a rat.

Vanquished Creatures
  A goblin (D:1)
  A kobold (D:1)
  2 bats (D:1)
  A rat (D:1)
5 creatures vanquished.

Notes
Turn   | Place    | Note
-------+----------+-------------------------------------------
     0 | D:1      | Gaff the Demonspawn Venom Mage began the quest for the Orb.
     0 | D:1      | Reached XP level 1. HP: 13/13 MP: 3/3
   121 | D:1      | Hit by a stone thrown by a kobold

Illustrated notes

Levels and vault maps discovered:
D:1:      erik_arrival_orb_chamber, layout_loops_ring, kennysheep_boxes

Action                   || total
-------------------------++-------
 Cast: Sting             ||     8
Armor: Robe              ||     3
Dodge: Dodged            ||     8

Table legend: (Time is in decaauts)
 A = Elapsed time spent in this place.
 B = Non-inter-level travel time spent in this place.
 C = Inter-level travel time spent in this place.
 D = Time resting spent in this place.
 E = Time spent auto-exploring this place.
 F = Levels seen in this place.
 G = Mean time per level.
                   A        B        C        D        E       F      G
               +--------+--------+--------+--------+--------+-----+--------+
         Total |    120 |    120 |      0 |      0 |     36 |   1 |  120.0 |
       Dungeon |    120 |    120 |      0 |      0 |     36 |   1 |  120.0 |
               +--------+--------+--------+--------+--------+-----+--------+

Top non-repeatable levels by time:
     D:1: 120 daAuts
